 Dungeon Crawl Stone Soup version 0.31.0-11-ge490571c62 (webtiles) character file.

Game seed: 5473378745908996134

66659 juan097 the Destroyer (level 14, -7/117 (121) HPs)
             Began as a Green Draconian Conjurer on Jan 29, 2024.
             Was a High Priest of Sif Muna.
             Mangled by an orc knight
             ... wielding a +0 great sword
              (14 damage)
             ... while petrified by Jorgrun
             ... on level 1 of the Orcish Mines.
             The game lasted 02:01:59 (28064 turns).

juan097 the Destroyer (Green Draconian Conjurer)   Turns: 28064, Time: 02:02:00

HP:   -7/117 (121)  AC: 12    Str:  9      XL:     14   Next: 80%
MP:   21/36         EV:  2    Int: 21 (22) God:    Sif Muna [*****.]
Gold: 1273          SH:  0    Dex: 11 (12) Spells: 1/32 levels left

rFire   . . .        a - staff of conjuration
rCold   . . .        (no shield)
rNeg    + + +        (body armour unavailable)
rPois   ∞            (helmet restricted)
rElec   .            z - +1 cloak
rCorr   .            W - +1 pair of gloves
SInv    .            (no boots)
Will    +....        (no amulet)
Stlth   ++           V - +5 ring of evasion
HPRegen 0.39/turn    s - ring of magical power {=R}
MPRegen 0.25/turn

%: no passive effects
@: petrified, lightly drained
A: breathe noxious fumes, AC +8, unfitting armour, stinger 1, poison resistance,
cold-blooded, deterioration 1
a: Breathe Noxious Fumes, Renounce Religion, Channel Magic, Forget Spell, Divine
Exegesis


You were on level 1 of the Orcish Mines.
You worshipped Sif Muna.
Sif Muna was extremely pleased with you.
You visited 4 branches of the dungeon, and saw 18 of its levels.

You collected 1682 gold pieces.
You spent 409 gold pieces at shops.

Inventory:

Hand Weapons
 b - the +9 demon whip of the Eternal Warrior {venom, Int+5 Dex+6}
   (You acquired it on level 10 of the Dungeon)

   Int+5:     It affects your intelligence (+5).
   Dex+6:     It affects your dexterity (+6).
 w - the +9 dire flail of Corruption {freeze, SInv}
   (You found it on level 3 of the Dungeon)

   SInv:      It lets you see invisible.
Missiles
 h - 30 poisoned darts
 G - a curare-tipped dart
Armour
 z - a +1 cloak (worn)
 C - an orb of guile
 W - a +1 pair of gloves (worn)
Magical Staves
 a - a staff of conjuration (weapon)
 B - a staff of air
Jewellery
 r - a ring of fire
 s - a ring of magical power (right hand) {=R}
 I - a ring of see invisible
 V - a +5 ring of evasion (left hand)
Wands
 g - a wand of iceblast (9)
 n - a wand of flame (28)
 F - a wand of light (16)
 M - a wand of charming (5)
 N - a wand of mindburst (8)
 U - a wand of digging (7)
Scrolls
 c - 5 scrolls of noise
 d - 3 scrolls of blinking
 j - 5 scrolls of enchant weapon
 p - a scroll of enchant armour
 u - 4 scrolls of teleportation
 v - 4 scrolls of revelation
 y - 3 scrolls of amnesia
 A - a scroll of fog {unknown}
 J - 2 scrolls of butterflies {unknown}
 K - a scroll of fear
 L - a scroll of immolation
 Q - a scroll of brand weapon
 R - 2 scrolls of torment {unknown}
 T - a scroll of vulnerability {unknown}
Potions
 f - 3 potions of might
 i - 4 potions of lignification
 k - 6 potions of mutation
 l - 3 potions of curing
 m - 2 potions of berserk rage
 o - a potion of magic
 q - 3 potions of haste
 t - 2 potions of enlightenment
 D - 6 potions of heal wounds
 E - 2 potions of resistance
 H - 4 potions of brilliance {unknown}
 P - 2 potions of attraction
 S - a potion of ambrosia


   Skills:
 - Level 10.0 Fighting
 - Level 4.0 Maces & Flails
 - Level 8.0 Dodging
 - Level 4.0 Stealth
 + Level 9.8 Spellcasting
 - Level 12.0 Conjurations
 - Level 6.0 Translocations
 + Level 10.2 Fire Magic
 - Level 10.0 Alchemy
 - Level 9.0 Invocations
 - Level 6.0 Evocations


You had one spell level left.
You knew the following spells:

 Your Spells              Type           Power      Damage    Failure   Level
a - Fireball              Conj/Fire      35%        3d15      1%          5
c - Fulminant Prism       Conj/Alch      35%        3d17      1%          4
d - Iskenderun's Mystic   Conj/Tloc      64%        2d13      1%          4
e - Ignite Poison         Fire/Alch      51%        N/A       1%          4
f - Blink                 Tloc           70%        N/A       1%          2
g - Starburst             Conj/Fire      35%        6d10      11%         6
h - Apportation           Tloc           70%        N/A       1%          1
i - Irradiate             Conj/Alch      35%        3d23      1%          5

Your spell library contained the following spells:

 Spells                   Type           Power      Damage    Failure   Level
 Foxfire                  Conj/Fire      100%       2x1d9     1%          1
 Kiss of Death            Conj/Necr      100%       2d13      1%          1
 Magic Dart               Conj           100%       1d8       1%          1
 Shock                    Conj/Air       100%       1d9       1%          1
 Sting                    Conj/Alch      100%       1d9       1%          1
 Necrotise                Necr           40%        1d6       7%          1
 Summon Small Mammal      Summ           40%        N/A       7%          1
 Lesser Beckoning         Tloc           70%        N/A       1%          2
 Momentum Strike          Conj/Tloc      100%       3d10      1%          2
 Searing Ray              Conj           100%       2d8       1%          2
 Dazzling Flash           Conj/Hex       100%       N/A       1%          3
 Stone Arrow              Conj/Erth      100%       3d13      1%          3
 Sticky Flame             Fire/Alch      51%        2d9       1%          4
 Iskenderun's Battlesphe  Conj           74%        2d12      1%          5
 Cigotuvi's Dreadful Rot  Necr/Alch/Air  48%        N/A       2%          2
 Inner Flame              Hex/Fire       31%        N/A       2%          3
 Alistair's Intoxication  Alch           34%        N/A       3%          5
 Brom's Barrelling Bould  Conj/Erth      52%        2d7       5%          4
 Manifold Assault         Tloc           35%        N/A       5%          4
 Ensorcelled Hibernation  Hex/Ice        20%        N/A       10%         2
 Jinxbite                 Hex            20%        N/A       10%         2
 Eringya's Noxious Bog    Alch           25%        4d6       17%         6
 Fugue of the Fallen      Necr           10%        N/A       21%         3
 Ozocubu's Armour         Ice            10%        N/A       21%         3
 Freezing Cloud           Conj/Ice/Air   20%        6-21      34%         5
 Anguish                  Hex/Necr       5%         N/A       54%         4
 Cause Fear               Hex            5%         N/A       54%         4
 Dispersal                Tloc           17%        N/A       65%         6
 Plasma Beam              Fire/Air       15%        2x1d27    77%         6
 Sculpt Simulacrum        Ice/Alch       15%        N/A       78%         6
 Borgnjor's Vile Clutch   Necr/Erth      5%         N/A       88%         5
 Metabolic Englaciation   Hex/Ice        5%         N/A       88%         5
 Disjunction              Tloc           17%        N/A       100%        8
 Ignition                 Fire           26%        3d9       100%        8
 Chain Lightning          Conj/Air       26%        3d34      100%        9
 Dragon's Call            Summ           5%         N/A       100%        9
 Fire Storm               Conj/Fire      35%        8d9       100%        9
 Shatter                  Erth           5%         3d8*      100%        9


Dungeon Overview and Level Annotations

Branches:
Dungeon (10/15)            Temple (1/1) D:5            Lair (5/5) D:10
  Swamp (0/4) Lair:2        Snake (0/4) Lair:2        Slime (0/5) Lair:5
    Orc (2/2) D:9             Elf (0/3) Orc:2

Altars:
Ashenzari
Cheibriados
Dithmenos
Elyvilon
Fedhas
Gozag
Hepliaklqana
Kikubaaqudgha
Makhleb
Nemelex Xobeh
Okawaru
Qazlal
Ru
Sif Muna
Trog
Uskayaw
Vehumet
Wu Jian
Xom
Yredelemnul
Zin
The Shining One
Jiyva

Shops:
D:10 !   Orc:1 *

Annotations:
D:3 Terence
D:4 Grinder
Lair:4 Caclecre's ghost, journeyman DsGl
Orc:2 Jorgrun


Innate Abilities, Weirdness & Mutations

You can breathe blasts of noxious fumes.
Your lurid green scales are hard. (AC +8)
You cannot fit into any form of body armour.
Your tail ends in a venomous barb.
Your system is resistant to poisons. (rPois)
You are cold-blooded and may be slowed by cold attacks.
Your body sometimes deteriorates upon taking damage.


Message History

The orc wizard gestures at you while chanting.
The puff of flame hits you but does no damage.
The ynoxinul hits you! Jorgrun casts a spell at you.
You are slowing down.
The orc priest invokes the aid of Beogh against you.
Beogh smites you! The orc knight misses you. The orc warrior misses you.
The orc sorcerer casts a spell.
The ynoxinul gestures at you. The iron shot hits you!!!
The neqoxec gestures at you. Something gnaws on your mind!
You feel your power leaking away. The orc hits you but does no damage.
The orc wizard casts a spell.
The orc wizard flickers and vanishes!
Deactivating autopickup; reactivate with Ctrl-A.
The orc knight roars a battlecry!
The orc sorcerer casts a spell at you.
The bolt of negative energy hits the ynoxinul.
The ynoxinul completely resists.
The bolt of negative energy hits you!!
You feel drained.
The bolt of negative energy hits the orc!!!
The orc is drained!
The orc dies!
The orc warrior hits you from afar with a +0 halberd!!
* * * LOW HITPOINT WARNING * * *
Your body deteriorates!
You feel dopey.
Your limbs are stiffening.
You climb upwards.
Reactivating autopickup.
You have turned to stone.
The orc knight hits you with a +0 great sword!
* * * LOW HITPOINT WARNING * * *
The orc knight hits you with a +0 great sword!!
* * * LOW HITPOINT WARNING * * *
The orc knight hits you with a +0 great sword!
* * * LOW HITPOINT WARNING * * *
The orc knight hits you with a +0 great sword!
* * * LOW HITPOINT WARNING * * *
The orc knight hits you with a +0 great sword!!
You die...

##.#...#.###
###..........### ###
##..............####.##
#.................#...#
##..._...[.....[.......
##.........)...........
#..........<[[(.......#
#.........[##..[.....##
#.....@.......[.[....#
##....o...[...[......##
#.....................#
##.....................
#...........#........#
##................##.#
#.......#.............
##.#..##...#.........#
##....##...#...#.#....


You could see an orc knight (strong).

Vanquished Creatures
  The ghost of Lutiheq the Grappler, a journeyman DrSh of Wu Jian (Lair:4)
  The ghost of Hiywul the Fighter, a journeyman MiHu of Trog (Lair:4)
  A fire dragon (Lair:5)
  The ghost of stipulation the Black Sun, a journeyman VSNe of Kikubaaqudgha (Lair:4)
  8 hydras
  An ogre mage (D:9)
  A catoblepas (Lair:5)
  An anaconda (Lair:3)
  Erica (D:8)
  A two-headed ogre (D:8)
  4 death yaks
  Urug (D:10)
  An orc high priest (Orc:1)
  2 skysharks
  A swamp dragon (Lair:5)
  2 lindwurms (Lair:5)
  A necromancer (Lair:3)
  An orc sorcerer (Orc:1)
  2 manticores (Lair:5)
  2 orc knights (Orc:1)
  2 ugly things
  A cyclops (D:10)
  Joseph (D:7)
  10 elephants
  15 black mambas
  3 torpor snails
  Jeremiah (D:7)
  16 cane toads
  An unseen horror zombie (D:9)
  2 unseen horrors (D:10)
  8 komodo dragons
  Maggie (D:7)
  8 rime drakes
  Psyche (D:10)
  6 trolls
  16 blink frogs
  A hornet (Lair:1)
  7 dream sheep
  2 wraiths (D:10)
  8 wyverns
  43 yaks
  A spriggan (Lair:2)
  4 shadows
  6 basilisks
  Eustachio (D:5)
  5 steam dragons
  A warg (D:9)
  3 swamp worms (Lair:2)
  Edmund (D:5)
  2 nagas (Lair:2)
  4 acid dragons
  Duvessa (D:5)
  26 water moccasins
  2 swamp drakes (Lair:5)
  9 orc warriors
  2 sky beasts
  A laughing skull (D:10)
  An ice beast (D:8)
  7 wolves
  3 black bears
  5 centaurs
  An ogre (D:4)
  2 phantoms (D:6)
  2 kobold brigands
  A gnoll sergeant (D:5)
  13 bullfrogs
  2 scorpions
  Dowan (D:5)
  4 wights
  3 troll zombies (D:9)
  9 killer bees
  7 howler monkeys
  2 electric eels
  A jelly (D:4)
  A centaur zombie (D:9)
  2 quasits (D:4)
  3 bombardier beetles
  8 hounds
  10 orc priests
  A gnoll bouda (D:8)
  20 orc wizards
  7 iguanas
  9 hell rats (Lair:1)
  2 polar bear simulacra (Lair:3)
  5 yak simulacra (Lair:3)
  5 ogre zombies (D:9)
  3 wolf simulacra (Lair:3)
  A howler monkey zombie (D:9)
  Robin (D:2)
  14 gnolls
  8 adders
  A river rat (Lair:3)
  7 shadow imps
  10 white imps
  2 ufetubi (D:4)
  5 dart slugs
  42 orcs
  2 ball pythons
  10 endoplasms
  4 giant cockroaches
  3 gnoll zombies (D:9)
  12 goblins
  9 hobgoblins
  2 jackals (D:1)
  3 bats
  3 frilled lizards
  6 gnoll skeletons (D:9)
  6 kobolds
  6 orc skeletons (D:9)
  10 orc zombies (D:9)
  2 rats
  A river rat simulacrum (Lair:3)
  2 fulminant prisms (D:10)
568 creatures vanquished.

Vanquished Creatures (others)
  2 killer bees (D:10)
  An orc (Orc:2)
  317 fulminant prisms
320 creatures vanquished.

Grand Total: 888 creatures vanquished

Notes
Turn   | Place    | Note
-------+----------+-------------------------------------------
     0 | D:1      | juan097 the Draconian Conjurer began the quest for the Orb.
     0 | D:1      | Reached XP level 1. HP: 14/14 MP: 3/3
   281 | D:1      | Reached XP level 2. HP: 20/20 MP: 0/5
  1024 | D:2      | Reached XP level 3. HP: 26/26 MP: 0/6
  1596 | D:2      | Noticed Robin
  2060 | D:2      | Learned a level 2 spell: Searing Ray
  2143 | D:2      | Found a shimmering blue altar of Sif Muna.
  2158 | D:2      | Became a worshipper of Sif Muna the Loreminder
  2273 | D:2      | Killed Robin
  2450 | D:3      | Found a shadowy altar of Dithmenos.
  2524 | D:3      | Reached XP level 4. HP: 33/33 MP: 0/7
  2669 | D:3      | Identified the +9 dire flail of Corruption {freeze, SInv}
  2758 | D:3      | Noticed Terence
  2777 | D:3      | Reached skill level 5 in Conjurations
  3181 | D:3      | Learned a level 4 spell: Fulminant Prism
  3221 | D:4      | Reached XP level 5. HP: 38/38 MP: 5/9
  3547 | D:4      | Reached skill level 1 in Alchemy
  3643 | D:4      | Noticed an ogre
  3651 | D:4      | Killed an ogre
  3652 | D:4      | Reached XP level 6. HP: 40/45 MP: 4/10
  3654 | D:4      | Reached * piety under Sif Muna
  4626 | D:4      | Your scales start taking on a lurid green colour.
  4626 | D:4      | Reached XP level 7. HP: 50/50 MP: 3/12
  4626 | D:4      | Gained mutation: Your system is resistant to poisons.
                  | (rPois) [Green Draconian growth]
  5075 | D:4      | Reached skill level 6 in Conjurations
  5191 | D:4      | Noticed Grinder
  5196 | D:5      | Entered Level 5 of the Dungeon
  5373 | D:5      | Reached skill level 7 in Conjurations
  5403 | D:5      | Reached ** piety under Sif Muna
  5556 | D:5      | Noticed Eustachio
  5567 | D:5      | Killed Eustachio
  5568 | D:5      | Reached skill level 8 in Conjurations
  5568 | D:5      | Reached XP level 8. HP: 49/58 MP: 5/14
  5573 | D:5      | Learned a level 4 spell: Iskenderun's Mystic Blast
  5770 | D:5      | Found a staircase to the Ecumenical Temple.
  5776 | Temple   | Entered the Ecumenical Temple
  5998 | D:5      | Reached skill level 1 in Fighting
  6043 | D:5      | Noticed Duvessa
  6047 | D:5      | Noticed Dowan
  6055 | D:5      | Killed Duvessa
  6056 | D:5      | Reached skill level 1 in Translocations
  6056 | D:5      | Reached skill level 1 in Invocations
  6059 | D:5      | Killed Dowan
  6333 | D:5      | Noticed Edmund
  6362 | D:5      | Killed Edmund
  7300 | D:6      | Reached skill level 5 in Alchemy
  7300 | D:6      | Reached XP level 9. HP: 69/69 MP: 9/16
  7314 | D:6      | Gained mutation: Your body sometimes deteriorates upon
                  | taking damage. [potion of mutation]
  7314 | D:6      | Gained mutation: Your tail ends in a venomous barb. [potion
                  | of mutation]
  7793 | D:6      | Learned a level 4 spell: Ignite Poison
  8319 | D:7      | Noticed Jeremiah
  8327 | D:7      | Killed Jeremiah
  8328 | D:7      | Reached skill level 5 in Spellcasting
  8527 | D:7      | Noticed Joseph
  8540 | D:7      | Killed Joseph
  9386 | D:7      | Noticed Maggie
  9395 | D:7      | Killed Maggie
  9395 | D:7      | Reached *** piety under Sif Muna
  9396 | D:7      | Reached skill level 1 in Fire Magic
  9612 | D:7      | Found a hide-covered altar of Uskayaw.
  9841 | D:8      | Noticed a two-headed ogre
  9854 | D:8      | Killed a two-headed ogre
  9855 | D:8      | Reached XP level 10. HP: 80/80 MP: 16/19
 10388 | D:8      | Noticed Erica
 10406 | D:8      | Found a stormy altar of Qazlal.
 10481 | D:8      | Reached skill level 5 in Fighting
 10506 | D:8      | Killed Erica
 10507 | D:8      | Reached skill level 5 in Translocations
 10507 | D:8      | Reached skill level 5 in Invocations
 10520 | D:8      | Reached skill level 5 in Dodging
 10885 | D:8      | Found an ornate altar of the Wu Jian Council.
 11089 | D:8      | Found a basalt altar of Yredelemnul.
 11092 | D:8      | Found a burning altar of Makhleb.
 11096 | D:8      | Found a white marble altar of Elyvilon.
 11225 | D:9      | Found a radiant altar of Vehumet.
 11334 | D:9      | Noticed a white ugly thing
 11343 | D:9      | Killed a white ugly thing
 11718 | D:9      | Reached **** piety under Sif Muna
 12432 | D:9      | Reached XP level 11. HP: 89/89 MP: 17/20
 12653 | D:9      | Found a staircase to the Orcish Mines.
 12861 | D:9      | Identified the +3 ring mail of Untruth {Rampage rElec
                  | rPois}
 13156 | Orc:1    | Entered Level 1 of the Orcish Mines
 13165 | Orc:1    | Reached skill level 9 in Conjurations
 13370 | Orc:1    | Found Qiwuar's General Store.
 13370 | Orc:1    | Noticed an orc knight
 13371 | Orc:1    | Noticed an ogre mage
 13382 | Orc:1    | Paralysed by an ogre mage for 3 turns
 13392 | D:9      | Killed an ogre mage
 13515 | Orc:1    | Killed an orc knight
 13647 | Orc:1    | Noticed an orc high priest
 13659 | Orc:1    | Killed an orc high priest
 13778 | Orc:1    | Noticed an orc knight
 13785 | Orc:1    | Killed an orc knight
 13788 | Orc:1    | Noticed an orc sorcerer
 13795 | Orc:1    | Killed an orc sorcerer
 13796 | Orc:1    | Reached skill level 5 in Fire Magic
 14029 | Orc:1    | Bought a potion of heal wounds for 90 gold pieces
 14289 | Orc:2    | Entered Level 2 of the Orcish Mines
 14289 | Orc:2    | Noticed Jorgrun
 14289 | Orc:2    | Noticed an orc knight
 14289 | Orc:2    | Noticed an orc sorcerer
 14289 | Orc:2    | Noticed an orc knight
 14289 | Orc:2    | Found a staircase to the Elven Halls.
 14394 | D:10     | Entered Level 10 of the Dungeon
 14532 | D:10     | Found a runed translucent door.
 14549 | D:10     | Noticed Urug
 14559 | D:10     | Killed Urug
 14560 | D:10     | Reached skill level 10 in Conjurations
 14919 | D:10     | Identified a scroll of acquirement
 14987 | D:10     | Noticed Psyche
 14998 | D:10     | Killed Psyche
 15287 | D:10     | Reached skill level 1 in Evocations
 15677 | D:10     | Acquired the +9 demon whip of the Eternal Warrior {venom,
                  | Int+5 Dex+6}
 15703 | D:10     | Found a runed translucent door.
 15731 | D:10     | Found a staircase to the Lair.
 15801 | D:10     | Found Wiunk's Distillery.
 15804 | D:10     | Bought a potion of degeneration for 11 gold pieces
 15809 | D:10     | Bought a potion of attraction for 33 gold pieces
 16039 | D:10     | Noticed a cyan ugly thing
 16178 | D:10     | Reached XP level 12. HP: 94/97 MP: 15/21
 16204 | D:10     | Reached skill level 1 in Maces & Flails
 17148 | D:10     | Bought 2 potions of haste for 220 gold pieces
 17148 | D:10     | Bought a potion of berserk rage for 55 gold pieces
 17217 | Lair:1   | Entered Level 1 of the Lair of Beasts
 17281 | Lair:1   | Reached ***** piety under Sif Muna
 17545 | Lair:1   | Paralysed by a hornet for 3 turns
 18160 | Lair:1   | Reached skill level 11 in Conjurations
 18645 | Lair:1   | Reached skill level 10 in Alchemy
 18726 | Lair:1   | Received a gift from Sif Muna
 18729 | Lair:1   | Got Sif Muna's Omnibus of the Vehement Alembic {god gift}
 19299 | Lair:2   | Reached skill level 5 in Evocations
 19310 | Lair:2   | Reached XP level 13. HP: 104/107 MP: 11/25
 20190 | Lair:2   | Identified the +0 scale mail "Nagipsar" {Dex+5}
 20243 | Lair:2   | Learned a level 2 spell: Blink
 20365 | Lair:2   | Found a staircase to the Snake Pit.
 20925 | Lair:2   | Found a staircase to the Swamp.
 21497 | Lair:3   | Learned a level 6 spell: Starburst
 22475 | Lair:3   | Received a gift from Sif Muna
 23312 | Lair:4   | Reached skill level 12 in Conjurations
 23486 | Lair:4   | Mutation became permanent: Your tail ends in a venomous
                  | barb. [Green Draconian growth]
 23486 | Lair:4   | Gained mutation: Your tail ends in a venomous barb. [Green
                  | Draconian growth]
 23486 | Lair:4   | Reached XP level 14. HP: 108/119 MP: 26/26
 23833 | Lair:4   | Learned a level 1 spell: Apportation
 23928 | Lair:4   | Found a runed translucent gate.
 23929 | Lair:4   | Found a runed translucent gate.
 23929 | Lair:4   | Found a runed translucent gate.
 23935 | Lair:4   | Noticed Hiywul's ghost (journeyman MiHu)
 23936 | Lair:4   | Learned a level 5 spell: Irradiate
 23937 | Lair:4   | Noticed Caclecre's ghost (journeyman DsGl)
 23937 | Lair:4   | Noticed stipulation's ghost (journeyman VSNe)
 23938 | Lair:4   | Noticed Lutiheq's ghost (journeyman DrSh)
 23989 | Lair:4   | Reached skill level 10 in Fighting
 24837 | Lair:5   | Entered Level 5 of the Lair of Beasts
 25136 | Lair:5   | Found a viscous altar of Jiyva.
 25138 | Lair:5   | Found a staircase to the Slime Pits.
 25591 | Lair:5   | Received a gift from Sif Muna
 25595 | Lair:5   | Got Sif Muna's Discourse on the Fault and Destruction {god
                  | gift}
 27239 | Lair:5   | Learned a level 5 spell: Fireball
 27415 | Lair:4   | Killed stipulation's ghost
 27416 | Lair:4   | Reached skill level 10 in Fire Magic
 27566 | Lair:4   | Killed Lutiheq's ghost
 27745 | Lair:4   | Killed Hiywul's ghost
 28064 | Orc:1    | Mangled by an orc knight

Illustrated notes

Levels and vault maps discovered:
D:1:      tarquinn_simple_flora_water_a, layout_basic
D:2:      layout_basic, basic_altar, minmay_tiny_reverse_x, uniq_robin
D:3:      layout_loops_cross, mainiacjoe_overflow_surrounded_room,
          minmay_checkerbox, uniq_terence
D:4:      layout_gridville, serial_demonic, serial_demonic_a, serial_demonic_a,
          serial_demonic_g, serial_demonic_e, uniq_grinder
D:5:      layout_basic, temple_green, kennysheep_cross_bottleneck,
          grunt_ministairs_5, uniq_eustachio, uniq_edmund, uniq_duvessa
D:6:      layout_rooms, chequers_arboretum, grunt_ministairs_4
D:7:      layout_loops_corners, marbit_many_paths, serial_bayou_lagoon_a,
          uniq_joseph, uniq_maggie, uniq_jeremiah
D:8:      minmay_general_purpose_star, layout_basic,
          nicolae_wu_jian_wuxing_cycle, grunt_temple_overflow_diamond,
          mainiacjoe_overflow_24_doors, uniq_erica
D:9:      layout_basic, nicolae_vehumet_radiance, zombieorc2_lemuel,
          serial_undead, serial_undead_f, serial_undead_b, serial_undead_c,
          serial_undead_b, minmay_misc_feat_alley
D:10:     cheibrodos_histonic, layout_basic, grunt_lair_entry_orc_guard_hut,
          serial_shops, kennysheep_mini_moat, uniq_psyche, uniq_urug
Temple:   compressed_dpeg_circular_temple
Lair:1:   layout_cave_pods, serial_bayou_shore_a, grunt_megastairs_1
Lair:2:   layout_chaotic_city, palyth_hydra_swamp_entry,
          guppyfry_snake_entry_garden, grunt_forest_large_clearing_hut
Lair:3:   nzn_winding_woodlands_three_and_one
          [nzn_winding_woodlands_5x15_river_crossing,
          nzn_winding_woodlands_5x15_crooked,
          nzn_winding_woodlands_5x15_pockets,
          nzn_winding_woodlands_center_garden], layout_regular_city,
          eino_house_with_fridge, infiniplex_staircase_pool_2
Lair:4:   beast_lair_carwin_large_4, layout_cave_pods, gammafunk_ghost_cemetery
Lair:5:   guppyfry_lair_end_dragon, layout_cave_pods, hangedman_lair_in_review,
          slime_entry_1, amcnicky_mini_pool_medium
Orc:1:    layout_caves, gammafunk_ghost_fury_of_okawaru, basic_altar,
          serial_shops, shop, guppyfry_orc_lava_fort
Orc:2:    st_orc_mages, layout_caves, nicolae_volcano_entry_vermiform,
          uniq_rupert, uniq_jorgrun

Skill      XL: |  1  2  3  4  5  6  7  8  9 10 11 12 13 14 |
---------------+-------------------------------------------+-----
Stealth        | 2 3 4 |  4.0
Conjurations   | 5 8 10 11 12 | 12.0
Spellcasting   | 3 4 6 8 9 |  9.8
Alchemy        | 1 3 4 5 6 8 10 | 10.0
Dodging        | 2 3 4 5 6 7 8 |  8.0
Fighting       | 3 4 6 8 9 10 | 10.0
Translocations | 2 4 5 6 |  6.0
Invocations    | 2 4 5 6 7 9 |  9.0
Fire Magic     | 1 3 6 7 10 | 10.2
Evocations     | 2 5 6 |  6.0
Maces & Flails | 4 |  4.0

Action                     |  1- 3 |  4- 6 |  7- 9 | 10-12 | 13-15 || total
---------------------------+-------+-------+-------+-------+-------++-------
  Melee: Unarmed           |    32 |       |       |       |       ||    32
         Dagger            |     4 |       |       |     1 |       ||     5
         Tailslap          |     3 |     2 |     2 |    10 |    33 ||    50
         Dire flail        |       |     7 |    12 |    10 |       ||    29
         Short sword       |       |     7 |     1 |       |       ||     8
         Staff             |       |       |     2 |    13 |    24 ||    39
         Demon whip        |       |       |       |    45 |   137 ||   182
         Punch             |       |       |       |       |     2 ||     2
  Throw: Dart              |     2 |     1 |     3 |     2 |       ||     8
   Cast: Magic Dart        |    87 |    69 |   127 |   226 |    26 ||   535
         Searing Ray       |     1 |    17 |    26 |    57 |    18 ||   119
         Fulminant Prism   |       |       |    29 |   125 |   165 ||   319
         Iskenderun's Myst |       |       |       |    29 |    33 ||    62
         Ignite Poison     |       |       |       |     6 |    29 ||    35
         Fireball          |       |       |       |       |     7 ||     7
         Irradiate         |       |       |       |       |     4 ||     4
         Starburst         |       |       |       |       |     1 ||     1
 Invoke: Channel Magic     |       |       |       |     1 |       ||     1
Ability: Breathe Noxious F |       |       |     8 |    35 |    31 ||    74
  Evoke: Wand              |       |       |     2 |     7 |     2 ||    11
    Use: Potion            |       |       |     3 |       |       ||     3
         Scroll            |       |       |       |    12 |     7 ||    19
   Stab: Sleeping          |       |     1 |     1 |     2 |       ||     4
         Confused          |       |       |       |     2 |     1 ||     3
         Invisible         |       |       |       |     1 |       ||     1
         Petrified         |       |       |       |       |     1 ||     1
 Armour: Skin              |    17 |    41 |    51 |   185 |   204 ||   498
  Dodge: Dodged            |    29 |    32 |    47 |   204 |   230 ||   542
